 Dungeon Crawl Stone Soup version 0.19-a0-1513-gf6d23ed (webtiles) character file.

2347 AlphabetPasta the Cudgeler (level 9, 0/87 HPs)
             Began as a Troll Skald on Sept 12, 2016.
             Was a Follower of Okawaru.
             Slain by a giant frog skeleton (6 damage)
             ... animated by the malice of Kikubaaqudgha
             ... on level 7 of the Dungeon.
             The game lasted 00:22:24 (5838 turns).

AlphabetPasta the Cudgeler (Troll Skald)            Turns: 5838, Time: 00:22:25

Health: 0/87       AC:  7    Str: 22    XL:     9   Next: 20%
Magic:  10/10      EV: 10    Int:  8    God:    Okawaru [*.....]
Gold:   196        SH:  0    Dex: 12    Spells: 3 memorised, 6 levels left

rFire  . . .     SeeInvis .     e - +4 morningstar (distort)
rCold  . . .     Gourm    +     b - +1 robe
rNeg   . . .     Faith    .     (no shield)
rPois  .         Spirit   .     (helmet restricted)
rElec  .         Dismiss  .     w - +0 cloak
rCorr  .         Reflect  .     (gloves unavailable)
MR     .....     Harm     .     (boots unavailable)
Stlth  +.........               (no amulet)
                                (no ring)
                                (no ring)

@: slowed, very slow
A: unfitting armour, claws 3, fast metabolism 3, gourmand, regeneration 1,
shaggy fur 1, tough skin 2
a: Heroism, Renounce Religion


You were on level 7 of the Dungeon.
You worshipped Okawaru.
Okawaru was aware of your devotion.
You were not hungry.

You visited 2 branches of the dungeon, and saw 8 of its levels.

You collected 268 gold pieces.
You spent 72 gold pieces at shops.

Inventory:

Hand Weapons
 a - a +1 mace
 e - a +4 morningstar of distortion (weapon)
 H - a +0 giant spiked club
Armour
 b - a +1 robe (worn)
 w - a +0 cloak (worn)
Jewellery
 j - a cursed ring of loudness {unknown}
 m - an uncursed ring of protection from fire {unknown}
 x - an uncursed ring of ice {unknown}
 y - an uncursed ring of magical power {unknown}
 E - an uncursed ring of protection from magic {unknown}
 K - an uncursed ring of fire {unknown}
Wands
 h - a wand of lightning (6/15)
 q - a wand of flame (28/48)
 z - a wand of digging (15/24)
 F - a wand of teleportation (4/9)
Scrolls
 k - a scroll of blinking
 o - 5 scrolls of identify
 u - 2 scrolls of teleportation
 C - a scroll of remove curse {unknown}
Potions
 l - 4 potions of haste
 p - 2 potions of brilliance
 r - a potion of invisibility
 s - a potion of might
 v - a potion of agility
 A - 3 potions of resistance
 B - 2 potions of flight
 D - a potion of curing
Books
 c - a book of Battle

   Spells                             Type                      Level
   a - Infusion                       Charms                       1
   b - Shroud of Golubria             Charms/Translocation         2
   c - Song of Slaying                Charms                       2
   d - Spectral Weapon                Hexes/Charms                 3
   e - Regeneration                   Charms/Necromancy            3
 t - Kikubaaqudgha's Guide on Stolen Souls
   (Kikubaaqudgha gifted it to you on level 2 of the Dungeon)

   Spells                             Type                      Level
   a - Pain                           Necromancy                   1
   b - Corpse Rot                     Necromancy                   2
   c - Sublimation of Blood           Necromancy                   2
   d - Regeneration                   Charms/Necromancy            3
   e - Control Undead                 Necromancy                   4
 G - a book of Death

   Spells                             Type                      Level
   a - Corpse Rot                     Necromancy                   2
   b - Sublimation of Blood           Necromancy                   2
   c - Agony                          Necromancy                   5
   d - Dispel Undead                  Necromancy                   5
   e - Excruciating Wounds            Charms/Necromancy            5
   f - Bolt of Draining               Conjuration/Necromancy       5
 I - a book of Beasts

   Spells                             Type                      Level
   a - Summon Butterflies             Summoning                    1
   b - Call Canine Familiar           Summoning                    3
   c - Summon Ice Beast               Ice/Summoning                4
   d - Summon Mana Viper              Hexes/Summoning              5
   e - Summon Hydra                   Summoning                    7
 J - a book of Enchantments

   Spells                             Type                      Level
   a - Cause Fear                     Hexes                        4
   b - Yara's Violent Unravelling     Hexes/Transmutation          5
   c - Silence                        Hexes/Air                    5
   d - Deflect Missiles               Charms/Air                   6
   e - Haste                          Charms                       6
   f - Discord                        Hexes                        8
Comestibles
 d - 4 bread rations
 f - a slice of pizza
 g - 5 meat rations
 i - 3 fruits
 n - 6 beef jerkies


   Skills:
 + Level 4.8 Fighting
 * Level 7.4 Maces & Flails
 + Level 4.5 Throwing
 + Level 1.9 Armour
 + Level 2.5 Dodging
 - Level 1.8 Spellcasting
 - Level 2.5 Charms
 + Level 2.0 Invocations


You had 6 spell levels left.
You knew the following spells:

 Your Spells              Type           Power        Failure   Level  Hunger
a - Infusion              Chrm           #...         17%         1    ##.....
b - Song of Slaying       Chrm           #.......     24%         2    ###....
c - Shroud of Golubria    Chrm/Tloc      #.........   34%         2    ###....


Dungeon Overview and Level Annotations

Branches:
Dungeon (7/15)             Temple (1/1) D:7

Altars:
Ashenzari
Cheibriados
Dithmenos
Fedhas
Gozag
Hepliaklqana
Kikubaaqudgha
Makhleb
Nemelex Xobeh
Okawaru
Qazlal
Ru
Sif Muna
Trog
Uskayaw
Vehumet
Xom
Yredelemnul
Zin
The Shining One

Shops:
D:6 !   D:7 (


Innate Abilities, Weirdness & Mutations

You are too large for most types of armour.
You have claws for hands.
Your metabolism is lightning-fast.
You like to eat raw meat.
Your natural rate of healing is unusually fast.
You are covered in fur. (AC +1)
You have very tough skin. (AC +2)


Message History

The giant frog skeleton misses you.
You bludgeon the hound skeleton!!
You destroy the hound skeleton!
That felt strangely unrewarding.
You are engulfed in dark miasma.
You are lethally poisoned!
You feel extremely sick. The giant frog skeleton hits you.
The giant frog skeleton hits you but does no damage.
You are engulfed in dark miasma.
You are more poisoned.
You feel as though you will be slow longer.
* * * LOW HITPOINT WARNING * * *
x2 You feel extremely sick.
The giant frog skeleton hits you but does no damage.
* * * LOW HITPOINT WARNING * * *
You feel extremely sick.
The giant frog skeleton closely misses you.
You feel better.
The giant frog skeleton barely misses you.
The giant frog skeleton hits you.
You die...

#######...........#
##.########## ####
#.# ### .... #.#
#.. ### #.# #.# #.#
#§# #.# #§# #.# #Z#
#.# ##@## #.#
##...##
#.#####.#.#.#
#.........#.#
#######.###.#
##...## #####


You could see a giant frog skeleton.

Vanquished Creatures
  Pikel (D:7)
  Joseph (D:7)
  A hungry ghost (D:7)
  Menkaure (D:4)
  An ice beast (D:7)
  2 slaves (D:7)
  2 ogres
  A centaur (D:7)
  2 giant frogs (D:7)
  2 scorpions
  3 crimson imps
  A centaur zombie (D:5)
  A giant frog zombie (D:6)
  An orc priest (D:5)
  2 hounds
  A jelly (D:5)
  A giant frog skeleton (D:6)
  4 worker ants
  2 hound skeletons (D:7)
  A worker ant zombie (D:6)
  6 adders
  6 gnolls
  3 shadow imps
  An adder skeleton (D:7)
  A worm (D:3)
  5 dart slugs
  4 giant geckos
  9 orcs
  6 bats
  5 giant cockroaches
  9 goblins
  13 hobgoblins
  6 jackals
  8 kobolds
  3 quokkas
  3 giant newts
  A jackal skeleton (D:5)
  2 quokka zombies
  6 rats
128 creatures vanquished.

Vanquished Creatures (others)
  A centaur (D:5)
1 creature vanquished.

Grand Total: 129 creatures vanquished

Notes
Turn   | Place    | Note
-------+----------+-------------------------------------------
     0 | D:1      | AlphabetPasta the Troll Skald began the quest for the Orb.
     0 | D:1      | Reached XP level 1. HP: 19/19 MP: 1/1
    98 | D:1      | Reached XP level 2. HP: 28/28 MP: 3/3
   170 | D:1      | Reached skill level 2 in Maces & Flails
   305 | D:1      | Learned a level 2 spell: Song of Slaying
   501 | D:1      | Reached XP level 3. HP: 35/35 MP: 4/4
  1147 | D:2      | Found a faded altar of an unknown god.
  1167 | D:2      | Became a worshipper of Kikubaaqudgha
  1167 | D:2      | Reached * piety under Kikubaaqudgha
  1167 | D:2      | Identified Kikubaaqudgha's Guide on Stolen Souls (Kikubaaqudgha gifted it to you on level 2 of the Dungeon)
  1167 | D:2      | Received a gift from Kikubaaqudgha
  1302 | D:2      | Found a hazy altar of Hepliaklqana.
  1322 | D:2      | Reached XP level 4. HP: 41/42 MP: 0/5
  1752 | D:3      | Reached skill level 1 in Armour
  1752 | D:3      | Reached XP level 5. HP: 49/49 MP: 6/6
  1798 | D:3      | Found a glowing golden altar of the Shining One.
  1810 | D:3      | Reached skill level 1 in Throwing
  1908 | D:3      | Found a hide-covered altar of Uskayaw.
  1959 | D:3      | Reached ** piety under Kikubaaqudgha
  2529 | D:3      | Reached skill level 3 in Maces & Flails
  3095 | D:4      | Noticed an ogre
  3102 | D:4      | Killed an ogre
  3102 | D:4      | Reached XP level 6. HP: 56/58 MP: 7/7
  3340 | D:4      | Noticed Menkaure
  3346 | D:4      | Killed Menkaure
  3382 | D:4      | Reached skill level 4 in Maces & Flails
  3457 | D:5      | Entered Level 5 of the Dungeon
  3607 | D:5      | Learned a level 2 spell: Song of Slaying
  3610 | D:5      | Learned a level 2 spell: Shroud of Golubria
  3614 | D:5      | Reached XP level 7. HP: 63/66 MP: 8/8
  3971 | D:5      | Found an ancient bone altar of Kikubaaqudgha.
  4390 | D:6      | Reached skill level 5 in Maces & Flails
  4396 | D:6      | Found Tobiuhodd's Distillery.
  4408 | D:6      | Bought a potion of lignification for 36 gold pieces
  4408 | D:6      | Bought a potion of curing for 36 gold pieces
  4551 | D:6      | Reached XP level 8. HP: 51/76 MP: 9/9
  4895 | D:7      | Found a stormy altar of Qazlal.
  4899 | D:7      | Noticed an air elemental
  5015 | D:7      | Noticed Pikel
  5032 | D:7      | Killed Pikel
  5032 | D:7      | Reached skill level 6 in Maces & Flails
  5113 | D:7      | Found a staircase to the Ecumenical Temple.
  5120 | Temple   | Entered the Ecumenical Temple
  5140 | Temple   | Fell from the grace of Kikubaaqudgha
  5140 | Temple   | Became a worshipper of Warmaster Okawaru
  5325 | D:7      | Found Jeapiacs's Antique Weapon Shop.
  5347 | D:7      | Noticed Joseph
  5384 | D:7      | Killed Joseph
  5384 | D:7      | Reached skill level 7 in Maces & Flails
  5384 | D:7      | Reached skill level 1 in Invocations
  5462 | D:7      | Reached * piety under Okawaru
  5462 | D:7      | Reached XP level 9. HP: 69/85 MP: 10/10
  5837 | D:7      | HP: 4/83 [poison (dark miasma)]
  5838 | D:7      | Slain by a giant frog skeleton

Vault maps used:
D:1:      shiori_arrival_maze
D:2:      overflow_temple_1_default, ecumenical_altar_1, serial_forest,
          infiniplex_forest_clump_diagonal, infiniplex_forest_clump_long,
          infiniplex_forest_lined_2, infiniplex_forest_clump_curved,
          infiniplex_forest_zigzag_2, infiniplex_forest_end_2,
          infiniplex_forest_corner_1, infiniplex_forest_lined_3_way,
          infiniplex_forest_lined_4_way
D:3:      lemuel_coloured_pillars_altar, old_standard_altar
D:4:      first_bread, uniq_menkaure
D:5:      basic_altar
D:6:      serial_shops, shop
D:7:      nicolae_qazlal_style_of_elements, serial_shops, shop,
          corexii_checkpoint_a, uniq_pikel, uniq_joseph
Temple:   eino_temple_scatter_basement

Skill      XL: |  1  2  3  4  5  6  7  8  9 |
---------------+----------------------------+-----
Maces & Flails | 2 3 4 5 7 |  7.4
Fighting       | 2 3 4 |  4.8
Dodging        | 2 |  2.5
Armour         | 1 |  1.9
Throwing       | 1 2 3 4 |  4.5
Invocations    | 1 2 |  2.0
Spellcasting   | |  1.8
Charms         | |  2.5

Action                   |  1- 3 |  4- 6 |  7- 9 || total
-------------------------+-------+-------+-------++-------
Melee: Mace              |   160 |   205 |       ||   365
       Morningstar       |       |    35 |   150 ||   185
 Cast: Infusion          |     2 |       |       ||     2
Evoke: Wand              |       |       |     2 ||     2
  Use: Scroll            |       |    16 |     4 ||    20
       Potion            |       |       |     2 ||     2
 Stab: Sleeping          |     1 |     1 |     2 ||     4
  Eat: Chunk             |    18 |    22 |    18 ||    58
       Bread ration      |       |       |     1 ||     1
Armor: Robe              |    69 |    71 |    36 ||   176
Dodge: Dodged            |    90 |   112 |    78 ||   280
